[ AOE2 MATCH · #504517075 ]
UnrankedBulgarians vs Japanese
Player's team · WIN
Rival team · LOSS
[ REPLAY ANALYSIS · EXTRACTED FROM THE RECORDED GAME ]
Feudal
9:40
Castle
23:13
Imperial
—
| APM avg | 41.3 |
| APM peak | 64 |
| eAPM avg | 18.0 |
| Villagers / military | 41 / 24 |
Focus
⚔️ 33.8% · 🌾 66.2%
Archer ×8 · Militia ×7 · Knight ×5 · Konnik ×2 · Skirmisher ×2
Feudal
8:55
Castle
—
Imperial
—
| APM avg | 75.1 |
| APM peak | 123 |
| eAPM avg | 35.1 |
| Villagers / military | 80 / 15 |
Focus
⚔️ 47.5% · 🌾 52.5%
Scout Cavalry ×8 · Militia ×7
Match map
Initial resources + every placement click. Lines = walls · curves = elevation contours. ◆ gold · ⬟ stone · ● berries · ✦ relic · ◌ wall gap
Your base· Open — 4t gap
Hayato Kazami's base· Open — unwalled flank
Smoothed initial terrain · ◌ = detected wall gap · hover for details
Inputs per minute
— (***AlBy_Bkr***) - - Hayato Kazami
Build order — (***AlBy_Bkr***)
129 actions detected in the replay
| 0:00 | Create | Villager (Male) |
| 0:00 | Create | Villager (Male) |
| 0:01 | Create | Villager (Male) |
| 0:01 | Create | Villager (Male) |
| 0:02 | Build | House |
| 0:03 | Build | House |
| 1:22 | Create | Villager (Male) |
| 1:59 | Create | Villager (Male) |
| 2:15 | Create | Villager (Male) |
| 2:15 | Create | Villager (Male) |
| 2:50 | Create | Villager (Male) |
| 2:51 | Create | Villager (Male) |
| 3:00 | Build | Lumber Camp |
| 3:16 | Create | Villager (Male) |
| 3:16 | Create | Villager (Male) |
| 3:16 | Create | Villager (Male) |
| 3:23 | Build | House |
| 3:24 | Build | House |
| 3:46 | Create | Villager (Male) |
| 4:11 | Create | Villager (Male) |
| 4:11 | Create | Villager (Male) |
| 5:12 | Create | Villager (Male) |
| 5:12 | Create | Villager (Male) |
| 5:34 | Create | Villager (Male) |
| 5:34 | Create | Villager (Male) |
| 5:35 | Research | Loom |
| 6:35 | Build | Barracks |
| 7:27 | Research | Feudal Age |
| 7:28 | Create | Militia |
| 7:28 | Create | Militia |
| 7:33 | Build | Mill |
| 7:46 | Build | House |
| 8:11 | Create | Militia |
| 8:12 | Create | Militia |
| 8:12 | Create | Militia |
| 8:22 | Build | Palisade Wall |
| 8:42 | Create | Villager (Male) |
| 9:06 | Create | Villager (Male) |
| 9:25 | Create | Villager (Male) |
| 9:40 | Age | Feudal Age |
| 9:44 | Build | Archery Range |
| 9:49 | Create | Villager (Male) |
| 10:05 | Build | Mining Camp |
| 10:07 | Build | House |
| 10:09 | Build | Palisade Wall |
| 10:24 | Build | Palisade Wall |
| 10:33 | Build | Watch Tower |
| 10:50 | Create | Skirmisher |
| 10:58 | Build | Blacksmith |
| 11:18 | Create | Skirmisher |
| 11:41 | Build | Farm |
| 11:44 | Build | Farm |
| 11:47 | Build | House |
| 11:49 | Build | Palisade Wall |
| 11:59 | Create | Archer |
| 12:03 | Build | Palisade Wall |
| 12:03 | Build | Palisade Wall |
| 12:04 | Build | Palisade Wall |
| 12:17 | Build | Farm |
| 12:25 | Create | Archer |
| 12:36 | Create | Archer |
| 12:45 | Build | Farm |
| 12:57 | Create | Villager (Male) |
| 13:00 | Build | Farm |
| 13:02 | Create | Archer |
| 13:14 | Create | Archer |
| 13:34 | Build | Farm |
| 13:36 | Create | Archer |
| 13:52 | Create | Villager (Male) |
| 14:08 | Build | Farm |
| 14:17 | Create | Villager (Male) |
| 14:25 | Build | Mill |
| 14:29 | Create | Archer |
| 14:38 | Build | Farm |
| 14:52 | Research | Fletching |
| 14:53 | Research | Fletching |
| 15:12 | Build | Farm |
| 15:13 | Build | Farm |
| 15:23 | Create | Villager (Male) |
| 15:27 | Create | Archer |
| 15:53 | Create | Villager (Male) |
| 15:56 | Build | Mill |
| 15:57 | Build | Farm |
| 15:58 | Build | Farm |
| 16:17 | Research | Scale Mail Armor |
| 16:17 | Research | Scale Mail Armor |
| 16:20 | Create | Villager (Male) |
| 16:23 | Build | Farm |
| 16:47 | Create | Villager (Male) |
| 16:49 | Build | House |
| 17:42 | Create | Villager (Male) |
| 17:42 | Create | Villager (Male) |
| 17:54 | Create | Villager (Male) |
| 17:57 | Build | Palisade Wall |
| 18:27 | Create | Villager (Male) |
| 18:30 | Build | Farm |
| 18:31 | Build | Farm |
| 18:33 | Build | Farm |
| 18:33 | Build | Farm |
| 19:04 | Create | Villager (Male) |
| 19:27 | Build | Market |
| 19:50 | Build | Outpost |
| 20:33 | Research | Castle Age |
| 20:33 | Research | Castle Age |
| 20:58 | Build | Mining Camp |
| 21:46 | Create | Villager (Male) |
| 22:00 | Build | Watch Tower |
| 22:14 | Create | Villager (Male) |
| 22:27 | Build | Stable |
| 22:43 | Research | Scale Barding Armor |
| 22:44 | Create | Villager (Male) |
| 23:12 | Create | Militia |
| 23:12 | Create | Militia |
| 23:13 | Age | Castle Age |
| 23:21 | Create | Knight ×3 |
| 23:26 | Research | Chain Barding Armor |
| 23:26 | Research | Chain Barding Armor |
| 23:46 | Create | Knight |
| 24:04 | Research | Forging |
| 24:39 | Create | Villager (Male) |
| 24:57 | Build | Krepost |
| 25:11 | Create | Knight |
| 25:14 | Build | Farm |
| 25:24 | Create | Villager (Male) |
| 25:27 | Build | House |
| 25:56 | Create | Konnik |
| 25:56 | Create | Konnik |
| 25:59 | Build | House |
| 26:01 | Build | House |
Build order — Hayato Kazami
First 150 of 177 actions detected
| 0:00 | Create | Villager (Male) |
| 0:00 | Create | Villager (Male) |
| 0:00 | Create | Villager (Male) |
| 0:02 | Build | House |
| 0:03 | Build | House |
| 0:05 | Create | Villager (Male) |
| 0:05 | Create | Villager (Male) |
| 1:23 | Create | Villager (Male) |
| 1:23 | Create | Villager (Male) |
| 2:05 | Create | Villager (Male) |
| 2:05 | Create | Villager (Male) |
| 2:28 | Create | Villager (Male) |
| 2:53 | Create | Villager (Male) |
| 2:53 | Create | Villager (Male) |
| 2:55 | Create | Villager (Male) |
| 2:56 | Create | Villager (Male) |
| 2:56 | Create | Villager (Male) |
| 3:01 | Build | Lumber Camp |
| 3:21 | Create | Villager (Male) |
| 3:21 | Create | Villager (Male) |
| 3:21 | Create | Villager (Male) |
| 3:27 | Build | House |
| 3:28 | Build | House |
| 3:40 | Create | Villager (Male) |
| 3:40 | Create | Villager (Male) |
| 5:03 | Create | Villager (Male) |
| 5:42 | Build | Barracks |
| 5:43 | Create | Villager (Male) |
| 6:02 | Build | House |
| 6:15 | Research | Loom |
| 6:15 | Research | Loom |
| 6:17 | Build | Mining Camp |
| 6:45 | Research | Feudal Age |
| 6:45 | Research | Feudal Age |
| 7:00 | Create | Militia |
| 7:00 | Create | Militia |
| 7:09 | Build | Mill |
| 7:17 | Create | Militia |
| 7:18 | Create | Militia |
| 7:41 | Create | Militia |
| 7:50 | Build | House |
| 7:57 | Create | Militia |
| 8:18 | Create | Villager (Male) |
| 8:55 | Age | Feudal Age |
| 8:58 | Research | Man-at-Arms (upgrade) |
| 8:58 | Research | Man-at-Arms (upgrade) |
| 9:08 | Build | Watch Tower |
| 9:14 | Create | Villager (Male) |
| 9:14 | Create | Villager (Male) |
| 9:20 | Build | House |
| 9:26 | Build | Palisade Wall |
| 9:32 | Create | Villager (Male) |
| 9:42 | Build | House |
| 9:44 | Create | Villager (Male) |
| 9:44 | Create | Villager (Male) |
| 9:45 | Build | House |
| 9:54 | Build | Palisade Wall |
| 9:54 | Build | Palisade Wall |
| 9:54 | Build | Palisade Wall |
| 9:54 | Build | Palisade Wall |
| 9:55 | Build | Palisade Wall |
| 9:55 | Build | Palisade Wall |
| 10:21 | Build | House |
| 10:24 | Create | Villager (Male) |
| 10:26 | Build | House |
| 10:27 | Create | Villager (Male) |
| 10:27 | Create | Villager (Male) |
| 10:28 | Create | Villager (Male) |
| 10:35 | Research | Town Watch |
| 10:49 | Create | Villager (Male) |
| 10:50 | Create | Villager (Male) |
| 11:14 | Build | Mill |
| 11:19 | Build | Mining Camp |
| 11:34 | Create | Villager (Male) |
| 11:34 | Create | Villager (Male) |
| 12:00 | Build | Farm |
| 12:15 | Create | Militia |
| 12:25 | Build | Lumber Camp |
| 12:43 | Create | Villager (Male) |
| 12:44 | Create | Villager (Male) |
| 13:18 | Create | Villager (Male) |
| 13:21 | Build | Watch Tower |
| 13:46 | Build | Farm |
| 13:58 | Create | Villager (Male) |
| 13:59 | Create | Villager (Male) |
| 14:19 | Build | House |
| 14:29 | Create | Villager (Male) |
| 14:29 | Create | Villager (Male) |
| 14:42 | Create | Villager (Male) |
| 14:42 | Create | Villager (Male) |
| 14:46 | Build | Watch Tower |
| 15:02 | Create | Villager (Male) |
| 15:02 | Create | Villager (Male) |
| 15:02 | Create | Villager (Male) |
| 15:32 | Create | Villager (Male) |
| 15:32 | Create | Villager (Male) |
| 15:32 | Create | Villager (Male) |
| 15:38 | Build | Watch Tower |
| 15:55 | Build | Watch Tower |
| 15:55 | Create | Villager (Male) |
| 15:55 | Create | Villager (Male) |
| 16:28 | Create | Villager (Male) |
| 16:28 | Create | Villager (Male) |
| 17:02 | Create | Villager (Male) |
| 17:02 | Create | Villager (Male) |
| 17:14 | Build | Blacksmith |
| 17:43 | Create | Villager (Male) |
| 17:43 | Create | Villager (Male) |
| 17:49 | Build | House |
| 17:50 | Build | House |
| 17:52 | Create | Villager (Male) |
| 18:09 | Build | Farm |
| 18:10 | Build | Farm |
| 18:44 | Build | Watch Tower |
| 18:46 | Create | Villager (Male) |
| 18:46 | Create | Villager (Male) |
| 19:08 | Build | House |
| 19:08 | Build | House |
| 19:09 | Create | Villager (Male) |
| 19:09 | Create | Villager (Male) |
| 19:14 | Build | Farm |
| 19:14 | Build | Farm |
| 19:15 | Build | Farm |
| 19:16 | Build | Farm |
| 19:20 | Build | Farm |
| 19:37 | Build | Watch Tower |
| 19:49 | Create | Villager (Male) |
| 19:53 | Build | Farm |
| 20:07 | Build | Mill |
| 20:08 | Create | Villager (Male) |
| 20:09 | Create | Villager (Male) |
| 20:22 | Build | Stone Wall |
| 20:23 | Build | Stone Wall |
| 20:24 | Build | Stone Wall |
| 20:41 | Create | Villager (Male) |
| 20:42 | Create | Villager (Male) |
| 20:42 | Create | Villager (Male) |
| 20:46 | Create | Villager (Male) |
| 20:58 | Build | Stable |
| 21:09 | Create | Villager (Male) |
| 21:09 | Create | Villager (Male) |
| 21:09 | Create | Villager (Male) |
| 21:49 | Build | Farm |
| 21:50 | Build | Farm |
| 21:50 | Build | Farm |
| 21:59 | Create | Scout Cavalry |
| 22:00 | Create | Scout Cavalry |
| 22:00 | Create | Scout Cavalry |
| 22:22 | Build | House |
| 22:33 | Build | Stone Wall |
Match timeline
| 5:42 | Hayato Kazami · first_building Barracks |
| 6:35 | (***AlBy_Bkr***) · first_building Barracks |
| 8:22 | (***AlBy_Bkr***) · wall_segment Palisade Wall x1 |
| 8:55 | Hayato Kazami · age_up feudal |
| 9:26 | Hayato Kazami · wall_segment Palisade Wall x1 |
| 9:40 | (***AlBy_Bkr***) · age_up feudal |
| 9:44 | (***AlBy_Bkr***) · first_building Archery Range |
| 9:54 | Hayato Kazami · wall_segment Palisade Wall x1 |
| 9:54 | Hayato Kazami · wall_segment Palisade Wall x1 |
| 9:54 | Hayato Kazami · wall_segment Palisade Wall x1 |
| 9:54 | Hayato Kazami · wall_segment Palisade Wall x1 |
| 9:55 | Hayato Kazami · wall_segment Palisade Wall x2 |
| 9:55 | Hayato Kazami · wall_segment Palisade Wall x1 |
| 10:09 | (***AlBy_Bkr***) · wall_segment Palisade Wall x1 |
| 10:24 | (***AlBy_Bkr***) · wall_segment Palisade Wall x8 |
| 11:49 | (***AlBy_Bkr***) · wall_segment Palisade Wall x4 |
| 12:03 | (***AlBy_Bkr***) · wall_segment Palisade Wall x1 |
| 12:03 | (***AlBy_Bkr***) · wall_segment Palisade Wall x1 |
| 12:04 | (***AlBy_Bkr***) · wall_segment Palisade Wall x1 |
| 17:57 | (***AlBy_Bkr***) · wall_segment Palisade Wall x1 |
| 20:22 | Hayato Kazami · wall_segment Stone Wall x1 |
| 20:23 | Hayato Kazami · wall_segment Stone Wall x1 |
| 20:24 | Hayato Kazami · wall_segment Stone Wall x1 |
| 20:30 | (***AlBy_Bkr***) · first_market_buy 100 food |
| 20:58 | Hayato Kazami · first_building Stable |
| 22:27 | (***AlBy_Bkr***) · first_building Stable |
| 22:33 | Hayato Kazami · wall_segment Stone Wall x1 |
| 22:38 | Hayato Kazami · wall_segment Palisade Wall x1 |
| 23:13 | (***AlBy_Bkr***) · age_up castle |
| 24:07 | Hayato Kazami · wall_segment Stone Wall x1 |
| 24:09 | Hayato Kazami · wall_segment Stone Wall x1 |
| 24:10 | Hayato Kazami · wall_segment Stone Wall x1 |
| 24:55 | Hayato Kazami · wall_segment Palisade Wall x1 |
| 24:57 | (***AlBy_Bkr***) · first_building Krepost |
| 26:35 | Hayato Kazami · resign |
[ AI ANALYSIS · 1 CREDIT ]
What really happened in this match?
Wolo.gg analyzes every decision: build order, eco, micro, common mistakes by bracket. Personalized analysis on WhatsApp or Discord in 30 seconds.
Civ guide
Bulgarians
Perfil
Jugador #1444796